 Dungeon Crawl Stone Soup version 0.26-a0-670-g578ab304f5 (webtiles) character file.

Game seed: 15252563854302179119

(classic levelgen) 46 EnegeticOcto the Digger (level 3, 0/21 HPs)
             Began as a Halfling Earth Elementalist on Oct 19, 2020.
             Was an Initiate of Ashenzari.
             Succumbed to an adder's poison
             ... on level 2 of the Dungeon.
             The game lasted 00:04:17 (502 turns).

EnegeticOcto the Digger (HaEE)                       Turns: 502, Time: 00:04:17

Health: 0/21       AC:  2    Str:  9    XL:     3   Next: 95%
Magic:  1/5        EV: 15    Int: 14    God:    Ashenzari [......]
Gold:   16         SH:  0    Dex: 14    Spells: 2/5 levels left

rFire    . . .     SeeInvis .   f - -1 dagger (curse)
rCold    . . .     Faith    .   (shield restricted)
rNeg     . . .     Spirit   .   c - +0 robe
rPois    .         Reflect  .   (no helmet)
rElec    .         Harm     .   (no cloak)
rCorr    .         Rampage  .   (no gloves)
MR       .....                  (no boots)
Stlth    ++........             (no amulet)
HPRegen  0.07/turn              (no ring)
MPRegen  0.09/turn              (no ring)

@: lethally poisoned (0 -> -6)
A: small, mutation resistance 1
a: Curse Item, Renounce Religion


You were on level 2 of the Dungeon.
You worshipped Ashenzari.
Ashenzari was noncommittal.
You visited 1 branch of the dungeon, and saw 3 of its levels.

You collected 16 gold pieces.

Inventory:

Hand Weapons
 d - a +0 short sword
 f - a cursed -1 dagger (weapon)
 h - a +0 long sword
Missiles
 b - 95 stones (quivered)
Armour
 c - a +0 robe (worn)
Scrolls
 a - a scroll of random uselessness
 e - a scroll of blinking {unknown}
 k - a scroll of fear {unknown}
Potions
 g - 2 potions of magic


   Skills:
 - Level 2.1 Dodging
 - Level 2.1 Stealth
 - Level 1.5 Spellcasting
 - Level 0.5 Transmutations
 + Level 4.5 Earth Magic


You had 2 spell levels left.
You knew the following spells:

 Your Spells              Type           Power        Failure   Level
a - Sandblast             Erth           ##....       3%          1
p - Passwall              Tmut/Erth      #.......     13%         2

Your spell library contained the following spells:

 Spells                   Type           Power        Failure   Level
 Stone Arrow              Conj/Erth      #.....       28%         3
 Petrify                  Tmut/Erth      #.......     65%         4
 Lee's Rapid Deconstruct  Erth           ##........   71%         5


Dungeon Overview and Level Annotations

Branches:
Dungeon (3/15)

Altars:
Ashenzari
Elyvilon

Annotations:
D:2 Robin


Innate Abilities, Weirdness & Mutations

You are small and have problems with some larger weapons.
You are somewhat resistant to further mutation.


Message History

The blast of sand hits the goblin!
You kill the goblin!
b - 81 stones
b - 99 stones (gained 18)
A goblin comes into view. It is wielding a +0 club.
The goblin shouts!
You hear a shout! x3
The goblin unwields a +0 club.
The goblin wields a +0 hunting sling.
The goblin shoots a stone.
The stone hits you but does no damage.
You see here a stone.
A goblin and a hobgoblin come into view.
The hobgoblin shouts!
You hear a shout! x2
Casting: Sandblast (safe; 3% risk of failure)
Confirm with . or Enter, or press ? or * to list all spells.
Aiming: Sandblast (safe; 3% risk of failure)
Press: ? - help, Shift-Dir - straight line, f - hobgoblin
Aim: a hobgoblin The blast of sand hits the hobgoblin.
The hobgoblin is severely wounded.
b - 98 stones
Casting: Sandblast (safe; 3% risk of failure)
Confirm with . or Enter, or press ? or * to list all spells.
Aiming: Sandblast (safe; 3% risk of failure)
Press: ? - help, Shift-Dir - straight line, f/p - hobgoblin
Aim: a hobgoblin (severely wounded)
The blast of sand hits the hobgoblin!
You kill the hobgoblin!
b - 97 stones A goblin comes into view. It is wielding a +0 club.
A dart slug comes into view.
Casting: Sandblast (safe; 3% risk of failure)
Confirm with . or Enter, or press ? or * to list all spells.
You don't have enough magic to cast that spell.
You closely miss the goblin.
The goblin unwields a +0 hunting sling.
The goblin wields a +0 club.
The goblin closely misses you.
You closely miss the goblin. The goblin barely misses you.
The goblin unwields a +0 club.
The goblin wields a +0 hunting sling.
The goblin shoots a stone.
The stone closely misses you.
You see here 2 stones.
Casting: Sandblast (safe; 3% risk of failure)
Confirm with . or Enter, or press ? or * to list all spells.
Aiming: Sandblast (safe; 3% risk of failure)
Press: ? - help, Shift-Dir - straight line, f - goblin
Aim: a goblin, wielding a +0 club The blast of sand hits the goblin!
You kill the goblin!
b - 96 stones 3 goblins come into view.
The goblin shouts! x2
Robin of the Strong Arm comes into view.
They are wielding a -1 club.
Robin shouts!
The goblin shouts!
A goblin comes into view.
The goblin shouts!
A goblin comes into view. It is wielding a +0 dagger.
You open the door.
A goblin comes into view. It is wielding a +0 dagger.
Found an uncursed robe.
Robin throws the goblin at you!
* * * LOW HITPOINT WARNING * * *
The goblin hits you but does no damage.
There is an open door here.
Press: ? - help, v - describe, . - travel
Here: Robin, wielding a -1 club, wearing a +2 animal skin and wearing a +1 helmet The floor.
Unknown command.
You open the door. The goblin closely misses you.
The goblin hits you with a +0 club.
* * * LOW HITPOINT WARNING * * *
There is an open door, spattered with blood here.
An adder comes into view.
The adder hisses angrily.
Robin roars a battlecry!
The goblins go into a battle-frenzy!
The adder barely misses you.
Robin roars a battlecry!
The goblin goes into a battle-frenzy!
There is an open door here.
The adder barely misses you.
Casting: Sandblast (safe; 3% risk of failure)
Confirm with . or Enter, or press ? or * to list all spells.
Aiming: Sandblast (safe; 3% risk of failure)
Press: ? - help, Shift-Dir - straight line, f - adder
Aim: an adder The blast of sand hits the adder.
The adder is moderately wounded.
b - 95 stones The adder bites you.
* * * LOW HITPOINT WARNING * * *
You are lethally poisoned!
The adder poisons you!
You miss the adder.
The adder is moderately wounded.
* * * LOW HITPOINT WARNING * * *
You feel sick. The adder misses you.
You hit the adder but do no damage.
The adder is moderately wounded.
The adder closely misses you. x2
Unknown command.
You hit the adder.
The adder is severely wounded.
You die...

...#.....#.<.....#'####
..w..w...##.........#
#'###'#####....†....#
#.#......# .# ##....###


You could see a worm, Robin, an adder and 7 goblins.

Vanquished Creatures
  A worker ant (D:3)
  A leopard gecko (D:1)
  2 giant cockroaches
  5 goblins
  3 hobgoblins
  3 bats (D:1)
  A frilled lizard (D:2)
  3 kobolds
  4 rats
23 creatures vanquished.

Notes
Turn   | Place    | Note
-------+----------+-------------------------------------------
     0 | D:1      | EnegeticOcto the Halfling Earth Elementalist began the
                  | quest for the Orb.
     0 | D:1      | Reached XP level 1. HP: 11/11 MP: 3/3
   133 | D:1      | Reached XP level 2. HP: 17/17 MP: 2/4
   138 | D:2      | Found a broken altar of Ashenzari.
   146 | D:2      | Became a worshipper of Ashenzari the Shackled
   333 | D:3      | Found a white marble altar of Elyvilon.
   375 | D:3      | Reached skill level 4 in Earth Magic
   375 | D:3      | Reached XP level 3. HP: 6/21 MP: 0/5
   395 | D:3      | HP: 1/31 [poisoned by a worker ant]
   410 | D:3      | Learned a level 2 spell: Passwall
   483 | D:2      | Noticed Robin
   500 | D:2      | HP: 1/21 [poisoned by an adder]
   502 | D:2      | Succumbed to an adder's poison

Illustrated notes

Levels and vault maps discovered:
D:1:      lemuel_arrival_lava_pool, layout_basic
D:2:      layout_basic, ashenzari_altar_1, uniq_robin
D:3:      layout_loops_corners, overflow_temple_1_default,
          nicolae_qazlal_general_emergency, elyvilon_altar_4

Skill      XL: |  1  2 |
---------------+-------+-----
Earth Magic    | 4 |  4.5
Dodging        | |  2.1
Stealth        | |  2.1
Spellcasting   | |  1.5
Transmutations | |  0.5

Action                   || total
-------------------------++-------
Melee: Short sword       ||     5
       Dagger            ||    23
 Cast: Sandblast         ||    35
  Use: Scroll            ||     2
       Potion            ||     2
 Stab: Sleeping          ||     2
       Invisible         ||     1
Armor: Robe              ||    13
       Skin              ||     1
Dodge: Dodged            ||    44

Table legend: (Time is in decaauts)
 A = Elapsed time spent in this place.
 B = Non-inter-level travel time spent in this place.
 C = Inter-level travel time spent in this place.
 D = Time resting spent in this place.
 E = Time spent auto-exploring this place.
 F = Levels seen in this place.
 G = Mean time per level.
                   A        B        C        D        E       F      G
               +--------+--------+--------+--------+--------+-----+--------+
         Total |    502 |    502 |      0 |      0 |      0 |   3 |  167.3 |
       Dungeon |    502 |    502 |      0 |      0 |      0 |   3 |  167.3 |
               +--------+--------+--------+--------+--------+-----+--------+

Top non-repeatable levels by time:
     D:1: 229 daAuts
     D:2: 174 daAuts
     D:3: 98 daAuts
